 Dungeon Crawl Stone Soup version 0.19.0-9-gfd783f2 (webtiles) character file.

66 Naow the Firebug (level 3, -6/24 HPs)
             Began as a Mummy Fire Elementalist on Nov 8, 2016.
             Mangled by Sigmund
             ... wielding a +0 scythe
              (10 damage)
             ... on level 2 of the Dungeon.
             The game lasted 00:03:52 (1816 turns).

Naow the Firebug (Mummy Fire Elementalist)          Turns: 1816, Time: 00:03:52

Health: -6/24      AC:  2    Str: 11    XL:     3   Next: 96%
Magic:  0/7        EV: 12    Int: 15    God:
Gold:   108        SH:  0    Dex: 12    Spells: 2 memorised, 4 levels left

rFire  x . .     SeeInvis .     (no weapon)
rCold  + . .     Gourm    .     a - +0 robe
rNeg   + + +     Faith    .     (no shield)
rPois  ∞         Spirit   .     (no helmet)
rElec  .         Reflect  .     (no cloak)
rCorr  .         Harm     .     (no gloves)
MR     +....     Rnd*Tele +     (no boots)
Stlth  ++........               k - amulet of rage
                                i - ring of teleportation (curse)
                                h - ring of protection from magic

@: no status effects
A: no food or potions, fire vulnerability, cold resistance 1, negative energy
resistance 3, torment resistance, unbreathing
a: no special abilities


You were on level 2 of the Dungeon.
You were not hungry.

You visited 1 branch of the dungeon, and saw 2 of its levels.

You collected 108 gold pieces.

Inventory:

Armour
 a - a +0 robe (worn)
Jewellery
 h - a ring of protection from magic (left hand)
 i - a cursed ring of teleportation (right hand)
 k - an amulet of rage (around neck)
Scrolls
 c - a scroll of teleportation {unknown}
 d - 2 scrolls of identify {unknown}
 e - a scroll of noise {unknown}
 f - a scroll of enchant weapon {unknown}
 g - 3 scrolls of recharging {unknown}
 j - a scroll of amnesia {unknown}
Books
 b - a book of Flames

   Spells                             Type                      Level
   a - Flame Tongue                   Conjuration/Fire             1
   b - Throw Flame                    Conjuration/Fire             2
   c - Conjure Flame                  Conjuration/Fire             3
   d - Inner Flame                    Hexes/Fire                   3
   e - Sticky Flame                   Conjuration/Fire             4
   f - Fireball                       Conjuration/Fire             5


   Skills:
 - Level 1.7 Dodging
 - Level 1.8 Stealth
 + Level 2.8 Spellcasting
 + Level 1.5 Conjurations
 + Level 3.0 Fire Magic


You had 4 spell levels left.
You knew the following spells:

 Your Spells              Type           Power        Failure   Level  Hunger
a - Flame Tongue          Conj/Fire      #....        10%         1    N/A
b - Throw Flame           Conj/Fire      #.....       12%         2    N/A

Dungeon Overview and Level Annotations

Branches:
Dungeon (2/15)

Altars:

Annotations:
D:2 Sigmund


Innate Abilities, Weirdness & Mutations

You do not eat or drink.
Your flesh is vulnerable to fire.
You are immune to poison.
Your flesh is cold resistant. (rC+)
You are immune to negative energy. (rN+++)
You are immune to unholy pain and torment.
You can survive without breathing.


Message History

Press: ? - help, Shift-Dir - straight line, f/p - bat
Aim: a bat The flame tongue misses the bat.
The bat barely misses you. The bat hits you but does no damage.
Casting: Flame Tongue
Confirm with . or Enter, or press ? or * to list all spells.
Aiming: Flame Tongue
Press: ? - help, Shift-Dir - straight line, f/p - bat
Aim: a bat The flame tongue hits the bat.
You kill the bat!
Casting: Flame Tongue
Confirm with . or Enter, or press ? or * to list all spells.
Aiming: Flame Tongue
Press: ? - help, Shift-Dir - straight line, f - Sigmund
Aim: Sigmund, wielding a scythe and wearing a robe The flame tongue hits Sigmund.
Sigmund is moderately wounded.
Sigmund hits you from afar with a scythe!
You die... ## ... ## #. ... ##♣P♣♣♣♣ .. #.. .......♣ .# #.. #.♣♣P.P♣ .# #.# #.♣ P.P

.# #.# #.#♣♣ .♣ .
##.## ####.# ....♣
P...####...# #.$...
#.###♣♣.♣.....@.@..#
#.##..
...#....###..###†..#
#.#... ##......#
##..# #.#..<
##.#...## #. ..#
#..... ...##.## .
.## ###.## #####.#
.## .# ########.# #
#.# ..# .#
#......#.# # ##'##
#.# .# #.####.#.# #
##...##
#.♣♣♣♣♣♣###.####.#.#


You could see Sigmund.

Vanquished Creatures
  2 adders (D:2)
  3 oozes
  A worm (D:2)
  A dart slug (D:2)
  4 goblins
  A hobgoblin (D:1)
  6 jackals
  4 bats
  A frilled lizard (D:1)
  4 kobolds
  6 rats
33 creatures vanquished.

Notes
Turn   | Place    | Note
-------+----------+-------------------------------------------
     0 | D:1      | Naow the Mummy Fire Elementalist began the quest for the Orb.
     0 | D:1      | Reached XP level 1. HP: 13/13 MP: 3/3
   648 | D:1      | Reached XP level 2. HP: 19/19 MP: 1/5
   720 | D:1      | Learned a level 2 spell: Throw Flame
   856 | D:1      | Reached skill level 1 in Conjurations
  1368 | D:2      | Reached XP level 3. HP: 24/24 MP: 0/6
  1605 | D:2      | Reached skill level 3 in Fire Magic
  1809 | D:2      | Noticed Sigmund
  1816 | D:2      | Mangled by Sigmund

Skill      XL: |  1  2  3 |
---------------+----------+-----
Conjurations   | 1 |  1.5
Fire Magic     | 3 |  3.0
Dodging        | |  1.7
Stealth        | |  1.8
Spellcasting   | |  2.8

Action                   || total
-------------------------++-------
Melee: Unarmed           ||    35
 Cast: Flame Tongue      ||    53
       Throw Flame       ||     3
Armor: Robe              ||    18
Dodge: Dodged            ||    49
